 Dungeon Crawl Stone Soup version 0.31-a0-1-g4198be8af4 (webtiles) character file.

Game seed: 4998321270870668859

397147 freelancePsychic the Stormcaller (level 22, -8/178 (202) HPs)
             Began as a Yellow Draconian Wanderer on Apr 28, 2023.
             Was the Champion of Vehumet.
             Mangled by a skeletal warrior
             ... wielding a +0 short sword
             ... led by an ancient champion
              (18 damage)
             ... on level 2 of the Crypt on May 2, 2023.
             The game lasted 01:57:44 (53230 turns).

freelancePsychic the Stormcaller (DrWn)            Turns: 53230, Time: 01:57:45

HP:   -8/178 (202)  AC: 20    Str: 18    XL:     22   Next: 21%
MP:   12/45         EV: 19    Int: 27    God:    Vehumet [******]
Gold: 2597          SH:  8    Dex: 13    Spells: 4/41 levels left

rFire   + + +        a - staff of fire "Lunaulae" {rF+ Int+6}
rCold   + + .        W - +3 buckler {AC+3}
rNeg    . . .        (body armour unavailable)
rPois   +            K - +1 hat "Voitsin" {rC+ Slay+2}
rElec   .            i - scarf {rC+ rF+}
rCorr   +            m - +1 pair of gloves of Weightlessness {Harm *Corrode SInv}
SInv    +            x - +2 pair of boots
Will    +....        e - amulet of the Dragon {RegenMP Str+3}
Stlth   +++          k - ring of Coezini {Wiz rF+ rC+ Slay+3}
HPRegen 0.49/turn    v - ring of Xom's Ringing Laughter {Fire *Corrode rPois MP+9 SInv}
MPRegen 0.69/turn

%: corrode self (6%), harm (+30% outgoing, +20% incoming), wizardry (x1)
@: very slightly contaminated, heavily drained
A: spit acid, AC +11, unfitting armour, acidic bite, cold-blooded, acid
resistance
}: 2/15 runes: barnacled, gossamer
a: Breathe Acid, Renounce Religion


You were on level 2 of the Crypt.
You worshipped Vehumet.
Vehumet was exalted by your worship.
You visited 10 branches of the dungeon, and saw 41 of its levels.
You visited the Abyss 1 time.
You visited 2 bazaars.
You also visited: Ice Cave and Desolation.

You collected 5309 gold pieces.
You spent 2712 gold pieces at shops.

Inventory:

Hand Weapons
 t - the +3 whip of Dominance {speed, *Slow +Blink rF++ Int+3}
   (You found it on level 7 of the Dungeon)

   Int:       It affects your intelligence (+3).
   rF:        It greatly protects you from fire.
   +Blink:    It lets you blink.
   *Slow:     It may slow you when you take damage.
Missiles
 J - 14 throwing nets
Armour
 i - a scarf of resistance (worn)
 m - the +1 pair of gloves of Weightlessness (worn) {Harm *Corrode SInv}
   (You acquired it on level 2 of the Spider Nest)

   SInv:      It lets you see invisible.
   *Corrode:  It may corrode you when you take damage.
   Harm:      It increases damage dealt and taken.
 x - a +2 pair of boots (worn)
 K - the +1 hat "Voitsin" (worn) {rC+ Slay+2}
   (You bought it in a shop on level 3 of the Vaults)

   Slay:      It affects your accuracy & damage with ranged weapons and melee
   (+2).
   rC:        It protects you from cold.
 W - a +3 buckler of protection (worn)
Magical Staves
 a - the staff of fire "Lunaulae" (weapon) {rF+ Int+6}
   (You found it on level 3 of the Elven Halls)

   [staff of fire]

   Base accuracy: +5 Base damage: 5 Base attack delay: 1.2 This weapon's minimum
   attack delay (0.6) is reached at skill level 12.
   Int:       It affects your intelligence (+6).
   rF:        It protects you from fire.
   It falls into the 'Staves' category.
   It is a one-handed weapon.
 b - a staff of air
 c - the staff of fire "Sownan Qemno" {rF+ rC+ Int+4 Stlth+}
   (You found it in the Desolation of Salt)

   [staff of fire]

   Base accuracy: +5 Base damage: 5 Base attack delay: 1.2 This weapon's minimum
   attack delay (0.6) is reached at skill level 12.
   Int:       It affects your intelligence (+4).
   rF:        It protects you from fire.
   rC:        It protects you from cold.
   Stlth:     It makes you more stealthy.
   It falls into the 'Staves' category.
   It is a one-handed weapon.
Jewellery
 e - the amulet of the Dragon (around neck) {RegenMP Str+3}
   (You found it on level 5 of the Lair of Beasts)

   [amulet of magic regeneration]

   It increases your rate of magic regeneration.
   Str:       It affects your strength (+3).
 g - the ring "Hoogish" {*Slow rN++ Int+6}
   (You found it in the Desolation of Salt)

   [ring of intelligence]

   Int:       It affects your intelligence (+6).
   rN:        It greatly protects you from negative energy.
   *Slow:     It may slow you when you take damage.
 k - the ring of Coezini (left hand) {Wiz rF+ rC+ Slay+3}
   (You took it off a deep elf annihilator on level 3 of the Elven Halls)

   [ring of wizardry]

   It improves your spell success rate.
   Slay:      It affects your accuracy & damage with ranged weapons and melee
   (+3).
   rF:        It protects you from fire.
   rC:        It protects you from cold.
 v - the ring of Xom's Ringing Laughter (right hand) {Fire *Corrode rPois MP+9 SInv}
   (You found it on level 4 of the Dungeon)

   [ring of fire]

   It enhances your fire magic.
   rF:        It protects you from fire.
   rC:        It makes you vulnerable to cold.
   rPois:     It protects you from poison.
   MP:        It affects your magic capacity (+9).
   SInv:      It lets you see invisible.
   *Corrode:  It may corrode you when you take damage.
 B - the ring "Cuak" {Ice rElec Int+4}
   (You bought it in a shop on level 1 of the Dungeon)

   [ring of ice]

   It enhances your ice magic.
   Int:       It affects your intelligence (+4).
   rF:        It makes you vulnerable to fire.
   rC:        It protects you from cold.
   rElec:     It insulates you from electricity.
 P - an amulet of guardian spirit
 T - the ring "Fuyl Mao" {Str+3 SInv}
   (You found it on level 4 of the Lair of Beasts)

   [ring of see invisible]

   Str:       It affects your strength (+3).
   SInv:      It lets you see invisible.
 X - a +6 ring of dexterity
Wands
 s - a wand of mindburst (10)
 C - a wand of iceblast (31)
 N - a wand of digging (13)
 Q - a wand of acid (18)
 U - a wand of flame (50)
 Y - a wand of charming (30)
Scrolls
 f - 5 scrolls of fog
 j - 5 scrolls of fear
 o - 10 scrolls of teleportation {@r4}
 p - 11 scrolls of blinking
 u - 3 scrolls of amnesia
 w - 8 scrolls of vulnerability
 y - 29 scrolls of identify {@r1}
 D - 9 scrolls of poison
 E - 6 scrolls of magic mapping
 I - 5 scrolls of enchant armour
 L - 2 scrolls of torment
 M - a scroll of summoning
 O - a scroll of brand weapon
 V - 2 scrolls of silence
Potions
 d - 2 potions of invisibility
 h - 12 potions of might
 l - 6 potions of brilliance
 n - 3 potions of berserk rage
 q - 9 potions of resistance
 r - 14 potions of mutation
 z - a potion of haste {@q3}
 A - 2 potions of cancellation
 F - 6 potions of attraction
 G - 12 potions of curing {@q1}
 H - 8 potions of degeneration
 R - 7 potions of ambrosia
 S - 3 potions of magic
Miscellaneous
 Z - a lightning rod (4/4)


   Skills:
 - Level 18.1 Fighting
 - Level 0.9 Short Blades
 - Level 5.1(6.0) Maces & Flails
 - Level 4.5(5.7) Staves
 - Level 16.0 Dodging
 - Level 6.0 Stealth
 - Level 5.0 Shields
 + Level 10.4 Spellcasting
 + Level 18.3 Conjurations
 - Level 3.5 Hexes
 - Level 4.0 Translocations
 - Level 5.0 Transmutations
 - Level 12.5 Fire Magic
 - Level 20.0 Air Magic
 - Level 5.0 Poison Magic
 - Level 5.0 Evocations


You had 4 spell levels left.
You knew the following spells:

 Your Spells              Type           Power      Damage    Failure   Level
a - Plasma Beam           Fire/Air       62%        2x1d85    1%          6
b - Maxwell's Capacitive  Air            44%        ∞         1%          8
c - Chain Lightning       Conj/Air       43%        3d58      21%         9
d - Iskenderun's Mystic   Conj/Tloc      65%        2d13      1%          4
e - Arcjolt               Conj/Air       43%        1d53      1%          5
h - Irradiate             Conj/Tmut      33%        3d22      1%          5

Your spell library contained the following spells:

 Spells                   Type           Power      Damage    Failure   Level
 Ignition                 Fire           55%        3d15      19%         8
 Polar Vortex             Ice            7%         N/A       100%        9
 Foxfire                  Conj/Fire      100%       2x1d9     0%          1
 Magic Dart               Conj           100%       1d8       0%          1
 Static Discharge         Conj/Air       100%       2-7/arc   0%          2
 Airstrike                Air            44%        2d(7-23)  0%          4
 Apportation              Tloc           70%        N/A       1%          1
 Freeze                   Ice            56%        1d7       1%          1
 Necrotise                Necr           56%        1d6       1%          1
 Slow                     Hex            100%       N/A       1%          1
 Sting                    Tmut/Pois      100%       1d8       1%          1
 Poisonous Vapours        Pois/Air       100%       N/A       1%          2
 Scorch                   Fire           100%       2d9       1%          2
 Confusing Touch          Hex            33%        N/A       1%          3
 Dazzling Flash           Conj/Hex       100%       N/A       1%          3
 Frozen Ramparts          Ice            28%        1d5       1%          3
 Gell's Gravitas          Tloc           35%        N/A       1%          3
 Hailstorm                Conj/Ice       59%        3d13      1%          3
 Inner Flame              Hex/Fire       92%        N/A       1%          3
 Mephitic Cloud           Conj/Pois/Air  75%        N/A       1%          3
 Spider Form              Tmut/Pois      41%        N/A       1%          3
 Vhi's Electric Charge    Tloc/Air       100%       N/A       1%          3
 Volatile Blastmotes      Fire/Tloc      100%       2d18      1%          3
 Olgreb's Toxic Radiance  Pois           41%        N/A       1%          4
 Summon Lightning Spire   Summ/Air       61%        N/A       1%          4
 Call Imp                 Summ           28%        N/A       3%          2
 Summon Guardian Golem    Hex/Summ       23%        N/A       3%          3
 Cause Fear               Hex            16%        N/A       4%          4
 Vampiric Draining        Necr           14%        2d7       6%          3
 Animate Dead             Necr           14%        N/A       21%         4
 Freezing Cloud           Conj/Ice/Air   35%        6-21      1%          5
 Silence                  Hex/Air        33%        N/A       1%          5
 Conjure Ball Lightning   Conj/Air       43%        3x3d15    1%          6
 Starburst                Conj/Fire      60%        6d16      1%          6
 Orb of Destruction       Conj           42%        9d12      1%          7
 Yara's Violent Unravell  Hex/Tmut       18%        3d9       3%          5
 Alistair's Intoxication  Tmut/Pois      27%        N/A       8%          5
 Eringya's Noxious Bog    Tmut/Pois      20%        N/A       11%         6
 Spellforged Servitor     Conj/Summ      29%        N/A       11%         7
 Storm Form               Tmut/Air       34%        N/A       11%         7
 Agony                    Necr           14%        N/A       45%         5
 Dispersal                Tloc           17%        N/A       50%         6
 Fire Storm               Conj/Fire      60%        8d15      61%         9
 Dragon Form              Tmut           20%        N/A       89%         7
 Simulacrum               Ice/Necr       7%         N/A       95%         6
 Summon Cactus Giant      Summ           7%         N/A       95%         6
 Malign Gateway           Summ/Tloc      12%        N/A       99%         7
 Haunt                    Necr/Summ      7%         N/A       100%        7
 Discord                  Hex            16%        N/A       100%        8
 Disjunction              Tloc           17%        N/A       100%        8
 Infestation              Necr           7%         N/A       100%        8
 Summon Horrible Things   Summ           7%         N/A       100%        8
 Dragon's Call            Summ           7%         N/A       100%        9
 Shatter                  Erth           7%         3d9*      100%        9
 Animate Armour           Summ/Erth      Unusable   N/A       N/A         4

Dungeon Overview and Level Annotations

Branches:
Dungeon (15/15)            Temple (1/1) D:5            Lair (5/5) D:11
 Shoals (4/4) Lair:3       Spider (4/4) Lair:3        Slime (0/5) Lair:5
    Orc (2/2) D:10            Elf (3/3) Orc:2        Vaults (4/5) D:13
  Crypt (2/3) Vaults:3     Depths (1/4) D:15          IceCv (visited)
Desolation (visited)

Altars:
Dithmenos
Kikubaaqudgha
Makhleb
Nemelex Xobeh
Sif Muna
Vehumet
Xom
Yredelemnul
The Shining One

Shops:
D:1 =   D:7 !   Orc:2 [=(*   Vaults:3 (==?[

Portals:
Trove: Vaults:3 (give 6 scrolls of fog)

Annotations:
D:3 Grinder
D:14 Jorgrun
Lair:4 1 runed translucent door, exclusion: hydra, backslashecho's ghost, journeyman DjHW
Spider:3 2 transporters, Rudyous's ghost, adept DsFE
Elf:1 Roxanne
Elf:2 3 runed translucent doors
Crypt:1 Mennas
Crypt:2 Frederick; Jory


Innate Abilities, Weirdness & Mutations

You can spit globs of acid.
Your golden yellow scales are hard. (AC +11)
You cannot fit into any form of body armour.
You have acidic saliva.
You are cold-blooded and may be slowed by cold attacks.
You are resistant to acid. (rCorr)


Message History

Casting: Plasma Beam (mildly dangerous; 1% risk of failure)
Confirm with . or Enter, or press ? or * to list all spells.
You erupt in a fountain of uncontrolled magic!
The +2 demon blade of draining is blasted with magical radiation!!!
The +2 demon blade of draining falls from the air.
Vehumet accepts your kill.
The +2 vampiric demon trident hits you from afar.
* * * LOW HITPOINT WARNING * * *
The +6 demon whip of pain hits you.
* * * LOW HITPOINT WARNING * * *
You feel better.
The +1 demon trident of pain hits you from afar.
* * * LOW HITPOINT WARNING * * *
The +2 vampiric demon trident hits you from afar!
* * * LOW HITPOINT WARNING * * *
The +6 demon whip of pain closely misses you.
The +1 demon trident of pain hits you but does no damage.
The +2 vampiric demon trident hits you from afar!
* * * LOW HITPOINT WARNING * * *
The +6 demon whip of pain attacks as you move away!
The +6 demon whip of pain hits you but does no damage.
Your surroundings suddenly seem different.
Found 26 gold pieces.
Casting: Plasma Beam (mildly dangerous; 1% risk of failure)
Press: ? - help, Q - select action, (/) - cycle Dir - look around, f - activate You feel a strong surge of power!
The bolt of lightning hits the stone giant zombie!
The stone giant zombie is lightly damaged.
The fiery plasma hits the stone giant zombie!!
The stone giant zombie is heavily damaged.
You hear a shout! x2
Casting: Plasma Beam (mildly dangerous; 1% risk of failure)
Press: ? - help, Q - select action, (/) - cycle Dir - look around, f - activate You feel a strong surge of power!
The bolt of lightning hits the stone giant zombie!
The stone giant zombie is severely damaged.
The fiery plasma hits the stone giant zombie!!!
The stone giant zombie is almost destroyed.
The skeletal warrior hits you with a +0 short sword!
You die...

........########
).......#
#.......
.......>#
#......#
#######.#
#......#. #.#
#..$.Z.'. #.#
#......# #.#
#......# #.#
#z.....# #####
#@.....# .....
#......# .....
.......# ..##
#.......'. ..#
#.......#. ..#
#.......# ..#
#......... ..#
#.######## ..#


You could see a skeletal warrior and a stone giant zombie.

Vanquished Creatures
  A dread lich (Abyss:2)
  Margery (Vaults:3)
  Boris (Vaults:4)
  Nikola (Spider:2)
  Arachne (Spider:4)
  3 deep elf blademasters
  A lich (Crypt:2)
  A titan (Vaults:4)
  Asterion (Spider:1)
  Frances (Spider:2)
  2 deep elf master archers (Elf:3)
  Kirke (Shoals:4)
  A kraken (Shoals:1)
  2 ancient champions
  A tentacled starspawn (Abyss:2)
  A tengu reaver (Vaults:4)
  Agnes (Elf:1)
  Donald (Elf:1)
  Ilsuiw (Shoals:4)
  3 imperial myrmidons (Desolation)
  3 emperor scorpions
  4 deep elf sorcerers
  7 vault wardens
  6 deep elf elementalists (Elf:3)
  An orc warlord (Orc:2)
  A caustic shrike zombie (Crypt:2)
  10 ironbound preservers
  A ghoul (Crypt:1)
  3 ghost moths
  5 very ugly things
  3 broodmothers
  6 war gargoyles
  8 vampire knights
  3 ironbound thunderhulks
  The ghost of qeuew the Protected, a journeyman MiFi of Makhleb (Lair:3)
  A lorocyproca (Abyss:2)
  4 deep elf demonologists (Elf:3)
  2 minotaurs (D:12)
  5 dire elephants
  8 deep elf annihilators (Elf:3)
  8 deep elf death magi
  2 blizzard demons (IceCv)
  10 merfolk javelineers
  A crystal guardian (Desolation)
  3 spark wasps
  An eidolon (Crypt:1)
  Snorg (D:14)
  A quicksilver dragon zombie (Crypt:1)
  8 ragged hierophants (Desolation)
  An ettin (Orc:2)
  5 entropy weavers
  5 great orbs of eyes
  2 deep elf high priests (Elf:3)
  8 jiangshi
  Josephine (Orc:1)
  11 yaktaur captains
  10 merfolk impalers
  Erolcha (D:11)
  An ice dragon (Shoals:4)
  10 servants of whispers
  2 ogre magi (D:15)
  6 vault guards
  11 ironbound frosthearts
  4 jorogumos (Spider:4)
  11 peacekeepers
  10 hydras
  A spriggan skeleton (Crypt:2)
  8 two-headed ogres
  4 alligator snapping turtles
  6 merfolk aquamancers
  7 boulder beetles
  6 centaur warriors
  3 caustic shrike simulacra (IceCv)
  6 merfolk avatars
  4 radroaches
  A tengu warrior (D:14)
  2 deep troll earth magi (Elf:1)
  4 satyrs
  12 dancing weapons
  5 vampire magi
  4 orc high priests
  Sonja (D:10)
  9 death yaks
  A soul eater (Crypt:1)
  12 deep elf knights
  A wretched star (Abyss:2)
  4 hell knights (Vaults:3)
  7 skeletal warriors
  A shadow wraith (Crypt:2)
  11 pharaoh ants
  4 sun moths
  A golden dragon zombie (Crypt:1)
  19 sea snakes
  25 deep trolls
  A bog body (IceCv)
  A flayed ghost (Crypt:2)
  A glowing orange brain (Vaults:1)
  10 orb spiders
  6 deep elf archers
  12 ironbound convokers
  An obsidian statue (IceCv)
  13 spriggan simulacra (IceCv)
  3 phantasmal warriors
  19 deep elf zephyrmancers
  9 wizards
  6 lindwurms
  13 harpies
  4 necromancers
  A goliath frog zombie (Crypt:1)
  21 deep elf pyromancers
  2 orc knights (Orc:2)
  12 steelbarb worms
  6 orc sorcerers
  27 ugly things
  26 wolf spiders
  9 fauns
  16 manticores
  6 cyclopes
  A goliath frog skeleton (Crypt:1)
  3 large abominations (Abyss:2)
  Joseph (D:9)
  9 water nymphs
  6 moths of wrath
  16 elephants
  6 black mambas
  17 merfolk sirens
  2 naga magi (D:15)
  11 vault sentinels
  9 demonic crawlers
  A guardian serpent (Desolation)
  A cane toad (shapeshifter) (Vaults:4)
  3 smoke demons
  3 torpor snails
  A green draconian zombie (Crypt:2)
  A hellion (Abyss:2)
  A centaur skeleton (D:15)
  6 rime drakes
  15 cane toads
  2 kobold demonologists
  An unseen horror (D:11)
  7 ice devils
  3 anaconda simulacra
  2 tengu conjurers (D:14)
  4 freezing wraiths
  18 yaktaurs
  10 komodo dragons
  9 trolls
  An ancient zyme (Abyss:2)
  34 merfolk
  12 polar bears
  Prince Ribbit (D:5)
  2 hornets
  2 dream sheep (Shoals:4)
  A raiju (Lair:5)
  5 wind drakes
  A death drake skeleton (Crypt:2)
  49 saltlings
  29 tarantellas
  21 blink frogs
  9 snapping turtles
  A centaur simulacrum (D:15)
  23 culicivoras
  Sigmund (D:6)
  10 flying skulls
  25 jumping spiders
  2 air elementals
  45 slime creatures
  2 vampires (Crypt:1)
  15 wraiths
  57 yaks
  3 wyverns
  A fire elemental (Elf:2)
  18 water elementals
  3 steam dragons
  A small abomination (Abyss:2)
  51 redbacks
  5 hogs
  9 minotaur simulacra (IceCv)
  6 basilisks
  3 vampire mosquitoes (D:11)
  A harpy simulacrum (IceCv)
  Edmund (D:5)
  7 wargs
  A hydra simulacrum (IceCv)
  16 hell hounds (Lair:5)
  4 acid dragons
  13 water moccasins
  2 alligator simulacra (IceCv)
  5 ice beasts
  29 orc warriors
  A sky beast (D:6)
  An ettin simulacrum (IceCv)
  14 black bears
  33 wolves
  14 centaurs
  A hog zombie (Crypt:2)
  A swamp dragon skeleton (Crypt:1)
  13 ogres
  A lindwurm skeleton (Crypt:2)
  4 phantoms
  9 kobold brigands
  A gnoll sergeant (D:12)
  11 bullfrogs
  8 deep troll simulacra (IceCv)
  4 necrophages (Crypt:1)
  7 scorpions
  An earth elemental (Abyss:2)
  8 wights (D:9)
  3 killer bees
  A warg skeleton (Crypt:1)
  5 electric eels
  A howler monkey (D:7)
  A centaur zombie (Crypt:1)
  3 crimson imps (D:14)
  3 hounds
  13 orc priests
  A sleepcap (D:4)
  Jessica (D:3)
  2 gnoll boudas
  3 iguanas
  15 orc wizards
  A boggart zombie (D:15)
  An acid dragon skeleton (Crypt:1)
  25 gnolls
  8 adders
  2 shadow imps
  7 white imps
  4 ufetubi
  2 worms (Lair:3)
  3 dart slugs
  61 orcs
  8 endoplasms
  5 giant cockroaches
  8 goblins
  2 hobgoblins
  5 jackals (D:2)
  37 kobolds
  2 quokkas
  4 ball pythons
  4 bats
  2 frilled lizards
  A gnoll zombie (Crypt:2)
  6 rats
  A starspawn tentacle (Abyss:2)
1715 creatures vanquished.

Vanquished Creatures (collateral kills)
  An imperial myrmidon (Desolation)
  2 ironbound convokers (Desolation)
  7 saltlings (Desolation)
10 creatures vanquished.

Vanquished Creatures (others)
  A crimson imp (D:14)
  400 foxfires
  41 fungi
  120 plants
  A starspawn tentacle (Abyss:2)
  A withered plant (Desolation)
564 creatures vanquished.

Grand Total: 2289 creatures vanquished

Notes
Turn   | Place    | Note
-------+----------+-------------------------------------------
     0 | D:1      | freelancePsychic the Draconian Wanderer began the quest for
                  | the Orb.
     0 | D:1      | freelancePsychic set off with the following items: a +0
                  | club, a scroll of fear, a +0 hat; and the following spells
                  | available to memorise: Sting, Foxfire, Spider Form,
                  | Mephitic Cloud, Dazzling Flash.
     0 | D:1      | Reached XP level 1. HP: 14/14 MP: 3/3
    31 | D:1      | Learned a level 1 spell: Foxfire
    33 | D:1      | Learned a level 1 spell: Sting
    80 | D:1      | Found Vubol's One-of-a-Kind Rings.
   192 | D:1      | Reached XP level 2. HP: 22/22 MP: 1/5
   320 | D:1      | Reached skill level 1 in Fighting
   481 | D:1      | Reached skill level 1 in Fire Magic
   856 | D:1      | Reached XP level 3. HP: 24/28 MP: 3/6
  1440 | D:2      | Reached XP level 4. HP: 29/36 MP: 3/7
  2352 | D:3      | Noticed Jessica
  2359 | D:3      | Killed Jessica
  2360 | D:3      | Reached XP level 5. HP: 42/42 MP: 1/9
  2433 | D:3      | Found a shimmering blue altar of Sif Muna.
  2465 | D:3      | Noticed Grinder
  2938 | D:4      | Identified the ring of Xom's Ringing Laughter {Fire
                  | *Corrode rPois MP+9 SInv}
  3172 | D:4      | Reached XP level 6. HP: 51/51 MP: 11/11
  3470 | D:5      | Entered Level 5 of the Dungeon
  3474 | D:5      | Found a staircase to the Ecumenical Temple.
  3495 | Temple   | Entered the Ecumenical Temple
  3521 | Temple   | Became a worshipper of Vehumet
  3725 | D:5      | Noticed Prince Ribbit
  3734 | D:5      | Killed Prince Ribbit
  3735 | D:5      | Your scales start taking on a golden yellow colour.
  3735 | D:5      | Reached XP level 7. HP: 59/59 MP: 13/13
  3735 | D:5      | Gained mutation: You are resistant to acid. (rCorr) [Yellow
                  | Draconian growth]
  4448 | D:5      | Learned a level 3 spell: Mephitic Cloud
  4598 | D:5      | Noticed Edmund
  4614 | D:5      | Killed Edmund
  4615 | D:5      | Reached skill level 1 in Air Magic
  4815 | D:6      | Reached skill level 5 in Fighting
  4815 | D:6      | Reached XP level 8. HP: 68/68 MP: 14/14
  4908 | D:6      | Reached skill level 5 in Conjurations
  4908 | D:6      | Reached skill level 2 in Air Magic
  5057 | D:6      | Reached * piety under Vehumet
  5057 | D:6      | Offered knowledge of Shock by Vehumet.
  5230 | D:6      | Reached skill level 3 in Air Magic
  5358 | D:6      | Noticed Sigmund
  5377 | D:6      | Killed Sigmund
  5378 | D:6      | Reached skill level 4 in Air Magic
  5596 | D:6      | Reached XP level 9. HP: 78/78 MP: 15/15
  5794 | D:7      | Offered knowledge of Scorch by Vehumet.
  5801 | D:7      | Reached ** piety under Vehumet
  5805 | D:7      | Learned a level 2 spell: Scorch
  6206 | D:7      | Found Isoow's Distillery.
  6306 | D:7      | Bought a potion of curing for 39 gold pieces
  6306 | D:7      | Bought a potion of degeneration for 13 gold pieces
  6306 | D:7      | Bought a potion of heal wounds for 65 gold pieces
  6306 | D:7      | Bought a potion of heal wounds for 65 gold pieces
  6372 | D:7      | Identified the +3 whip of Dominance {speed, *Slow +Blink
                  | rF++ Int+3}
  7125 | D:8      | Reached skill level 5 in Fire Magic
  7346 | D:8      | Offered knowledge of Searing Ray by Vehumet.
  7484 | D:8      | Reached *** piety under Vehumet
  7900 | D:9      | Reached skill level 5 in Stealth
  7968 | D:9      | Reached XP level 10. HP: 85/85 MP: 16/16
  8148 | D:9      | Offered knowledge of Inner Flame by Vehumet.
  8250 | D:9      | Learned a level 3 spell: Inner Flame
  8306 | D:9      | Reached skill level 1 in Maces & Flails
  8581 | D:9      | Noticed Joseph
  8604 | D:9      | Killed Joseph
  8757 | D:9      | Reached skill level 1 in Hexes
  8990 | D:10     | Entered Level 10 of the Dungeon
  9019 | D:10     | Noticed Sonja
  9028 | D:10     | Killed Sonja
  9276 | D:10     | Reached **** piety under Vehumet
  9293 | D:10     | Offered knowledge of Flame Wave by Vehumet.
  9304 | D:9      | Reached XP level 11. HP: 58/97 MP: 11/17
  9465 | D:10     | Found a staircase to the Orcish Mines.
  9558 | D:10     | Found an ancient bone altar of Kikubaaqudgha.
 10032 | D:11     | Noticed a boulder beetle
 10061 | D:11     | Killed a boulder beetle
 10431 | D:11     | Reached skill level 10 in Fighting
 10545 | D:11     | Found a staircase to the Lair.
 10550 | D:11     | Noticed Erolcha
 10561 | D:11     | Killed Erolcha
 10562 | D:11     | Reached skill level 5 in Maces & Flails
 10835 | Lair:1   | Entered Level 1 of the Lair of Beasts
 10936 | Lair:1   | Reached skill level 5 in Spellcasting
 11524 | Lair:1   | Reached ***** piety under Vehumet
 11529 | Lair:1   | Offered knowledge of Iskenderun's Mystic Blast by Vehumet.
 11530 | Lair:1   | Reached XP level 12. HP: 110/110 MP: 15/20
 11530 | Lair:1   | Upgraded the game from 0.30-a0-1163-gf69bf04e7a to
                  | 0.31-a0-1-g4198be8af4
 11623 | Lair:1   | Learned a level 4 spell: Iskenderun's Mystic Blast
 12116 | Lair:2   | Reached skill level 1 in Translocations
 12962 | Lair:2   | You fall into a shaft and drop 2 floors!
 13116 | Lair:4   | Reached skill level 10 in Fire Magic
 13314 | Lair:4   | Identified the ring "Fuyl Mao" {Str+3 SInv}
 13351 | Lair:4   | Found a runed translucent door.
 13351 | Lair:4   | Found a shimmering altar of Xom.
 13351 | Lair:4   | Noticed backslashecho's ghost (journeyman DjHW)
 13476 | Lair:4   | Offered knowledge of Sticky Flame by Vehumet.
 13664 | Lair:4   | Noticed a seven-headed hydra
 14008 | Lair:4   | Reached XP level 13. HP: 82/119 MP: 14/23
 14246 | Lair:4   | Found a sparkling altar of Nemelex Xobeh.
 14383 | Lair:4   | Learned a level 4 spell: Olgreb's Toxic Radiance
 14634 | Lair:3   | Found a staircase to the Shoals.
 14844 | Lair:3   | Found a runed translucent gate.
 14844 | Lair:3   | Found a runed translucent gate.
 14846 | Lair:3   | Found a runed translucent gate.
 15068 | Lair:3   | Found a hole to the Spider Nest.
 15162 | Lair:3   | Noticed qeuew's ghost (journeyman MiFi)
 15300 | Lair:3   | Reached skill level 5 in Poison Magic
 15330 | Lair:3   | Reached skill level 5 in Dodging
 16286 | Lair:5   | Entered Level 5 of the Lair of Beasts
 17165 | Lair:5   | Found a staircase to the Slime Pits.
 17324 | Lair:5   | Gained mutation: You have acidic saliva. [Yellow Draconian
                  | growth]
 17324 | Lair:5   | Reached XP level 14. HP: 124/133 MP: 15/24
 17424 | Lair:5   | Offered knowledge of Irradiate by Vehumet.
 17432 | Lair:5   | Learned a level 5 spell: Irradiate
 17707 | Lair:5   | Identified the amulet of the Dragon {RegenMP Str+3}
 17732 | Lair:5   | Reached skill level 1 in Transmutations
 18082 | Lair:5   | Identified the +4 longbow of the Eggplant {antimagic, rElec
                  | rF+ Will+ rCorr}
 18420 | Lair:5   | Reached skill level 15 in Fighting
 19135 | Orc:1    | Entered Level 1 of the Orcish Mines
 19301 | Orc:1    | Paralysed by an orc sorcerer for 2 turns
 19492 | Orc:1    | Noticed Josephine
 19503 | Orc:1    | Killed Josephine
 19540 | Orc:1    | Offered knowledge of Starburst by Vehumet.
 19714 | Orc:2    | Entered Level 2 of the Orcish Mines
 19935 | Orc:2    | Reached skill level 5 in Transmutations
 19968 | Orc:2    | Noticed an orc warlord
 20079 | Orc:2    | Reached skill level 10 in Conjurations
 20262 | Orc:2    | Found Inleuher's Jewellery Shoppe.
 20274 | Orc:2    | Found a staircase to the Elven Halls.
 20307 | Orc:2    | Found Cusoel's General Store.
 20315 | Orc:2    | Bought a scroll of teleportation for 42 gold pieces
 20421 | Orc:2    | Found Jyixt's Antique Armour Shoppe.
 20432 | Orc:2    | Killed an orc warlord
 20541 | Orc:2    | Found Siec's Antique Weapon Boutique.
 21991 | D:12     | Reached XP level 15. HP: 109/143 MP: 13/26
 22095 | D:12     | Offered knowledge of Freezing Cloud by Vehumet.
 22681 | D:12     | Learned a level 6 spell: Plasma Beam
 23149 | D:13     | Identified the +0 cloak of the Constellations {+Blink rN+}
 23223 | D:13     | Reached skill level 5 in Air Magic
 23770 | D:13     | Reached skill level 6 in Air Magic
 23825 | D:13     | Found a gate to the Vaults.
 24163 | D:14     | Found a burning altar of Makhleb.
 24220 | D:14     | Noticed Snorg
 24224 | D:14     | Killed Snorg
 24500 | D:14     | Reached skill level 10 in Dodging
 24933 | D:14     | Noticed Jorgrun
 25152 | D:15     | Entered Level 15 of the Dungeon
 25182 | D:15     | Reached skill level 7 in Air Magic
 25328 | D:15     | Found a staircase to the Depths.
 25442 | D:15     | Offered knowledge of Yara's Violent Unravelling by Vehumet.
 26009 | D:15     | Reached skill level 8 in Air Magic
 26615 | D:1      | Bought the ring "Cuak" {Ice rElec Int+4} for 616 gold
                  | pieces
 26898 | Spider:1 | Entered Level 1 of the Spider Nest
 26905 | Spider:1 | Reached XP level 16. HP: 152/152 MP: 17/28
 27267 | Lair:3   | Killed qeuew's ghost
 27552 | Elf:1    | Entered Level 1 of the Elven Halls
 27762 | Elf:1    | Noticed Donald
 27770 | Elf:1    | Reached skill level 9 in Air Magic
 27772 | Elf:1    | Killed Donald
 27833 | Elf:1    | Noticed Agnes
 27857 | Elf:1    | Killed Agnes
 28132 | Elf:1    | You fall into a shaft and drop 1 floor!
 28132 | Elf:2    | Noticed a deep elf blademaster
 28143 | Elf:2    | Found a runed translucent gate.
 28143 | Elf:2    | Found a runed translucent gate.
 28145 | Elf:2    | Killed a deep elf blademaster
 28146 | Elf:2    | Offered knowledge of Iron Shot by Vehumet.
 28147 | Elf:2    | Reached skill level 10 in Air Magic
 28155 | Elf:2    | Found a runed translucent gate.
 28345 | Elf:2    | Found a flickering gateway to a bazaar.
 28350 | Bazaar   | Entered a bazaar
 28350 | Bazaar   | Found Ohohov's General Store.
 28429 | Bazaar   | Found Isohudd's Antique Weapon Shoppe.
 28436 | Bazaar   | Found Vomoit's Book Shoppe.
 28445 | Bazaar   | Found Asmufuha's Book Boutique.
 28473 | Bazaar   | Found Tiwahahy's Distillery.
 28523 | Bazaar   | Bought a book of Annihilations for 600 gold pieces
 28549 | Bazaar   | Bought a potion of heal wounds for 50 gold pieces
 28549 | Bazaar   | Bought a potion of brilliance for 40 gold pieces
 28549 | Bazaar   | Bought a potion of brilliance for 40 gold pieces
 28549 | Bazaar   | Bought a potion of curing for 30 gold pieces
 28560 | Bazaar   | Bought a scroll of enchant weapon for 90 gold pieces
 28560 | Bazaar   | Bought a potion of resistance for 120 gold pieces
 28560 | Bazaar   | Bought a scroll of blinking for 90 gold pieces
 28720 | Elf:2    | Reached skill level 1 in Shields
 29195 | Elf:1    | Identified Roxanne's Notes on Tephra
 29195 | Elf:1    | Noticed Roxanne
 29357 | Elf:1    | Got Asmodeus's Teachings on the Assistive Fifth Circle
 30274 | Spider:1 | Noticed Asterion
 30713 | Spider:1 | Killed Asterion
 30840 | Spider:1 | Identified a scroll of acquirement
 31063 | Spider:2 | Reached skill level 11 in Air Magic
 31168 | Spider:2 | Noticed Nikola
 31284 | Spider:2 | Killed Nikola
 31285 | Spider:2 | Reached XP level 17. HP: 123/163 MP: 19/29
 31510 | Spider:2 | Noticed Frances
 31519 | Spider:2 | Killed Frances
 31743 | Spider:2 | Reached skill level 5 in Shields
 31991 | Spider:2 | Identified the +4 war axe "Suoj" {spect, Dex+3}
 32584 | Spider:2 | Acquired the +1 pair of gloves of Weightlessness {Harm
                  | *Corrode SInv}
 32917 | Spider:3 | Reached skill level 12 in Air Magic
 33103 | Spider:3 | Reached ****** piety under Vehumet
 33112 | Spider:3 | Offered knowledge of Polar Vortex by Vehumet.
 33112 | Spider:3 | Offered knowledge of Ignition by Vehumet.
 33112 | Spider:3 | Offered knowledge of Maxwell's Capacitive Coupling by
                  | Vehumet.
 33292 | Spider:2 | Learned a level 8 spell: Maxwell's Capacitive Coupling
 33453 | Spider:3 | Noticed Rudyous's ghost (adept DsFE)
 33502 | Spider:3 | Found a transporter.
 33526 | Spider:3 | Found a transporter.
 33746 | Spider:4 | Entered Level 4 of the Spider Nest
 33880 | Spider:3 | Learned a level 5 spell: Arcjolt
 34125 | Spider:4 | Reached skill level 13 in Air Magic
 35210 | Spider:4 | Reached skill level 14 in Air Magic
 35244 | Spider:4 | Noticed Arachne
 35248 | Spider:4 | Killed Arachne
 35299 | Spider:4 | Reached XP level 18. HP: 157/172 MP: 19/30
 35772 | Spider:4 | Got a gossamer rune of Zot
 36482 | Shoals:1 | Entered Level 1 of the Shoals
 36841 | Shoals:1 | Reached skill level 15 in Air Magic
 38738 | Shoals:3 | Reached skill level 16 in Air Magic
 39941 | Elf:3    | Entered Level 3 of the Elven Halls
 40181 | Elf:3    | Reached XP level 19. HP: 110/179 MP: 23/31
 40189 | Elf:3    | Identified the ring of Coezini {Wiz rF+ rC+ Slay+3}
 40204 | Elf:3    | Reached skill level 17 in Air Magic
 40417 | Elf:3    | Identified the +1 chain mail of Snakes and Ladders {Drain
                  | rN+++ Slay+2}
 40419 | Elf:3    | Got Sorcery, Part Six
 40470 | Abyss:2  | Cast into level 2 of the Abyss (a deep elf demonologist)
 40495 | Abyss:2  | Reached skill level 1 in Evocations
 40674 | Abyss:2  | Reached skill level 1 in Staves
 40836 | Abyss:2  | Noticed a dread lich
 40880 | Abyss:2  | Paralysed by a dread lich for 4 turns
 40884 | Abyss:2  | Killed a dread lich
 40895 | Elf:3    | Escaped the Abyss
 41087 | Elf:3    | Paralysed by an air elemental for 1 turns
 41478 | Elf:3    | Identified the staff of fire "Lunaulae" {rF+ Int+6}
 41480 | Elf:3    | Identified the +9 arbalest of the Usurping Stork {penet,
                  | +Blink rElec rN+}
 41934 | Shoals:4 | Entered Level 4 of the Shoals
 41939 | Shoals:4 | Reached skill level 5 in Evocations
 41948 | Shoals:4 | Found a frozen archway.
 41959 | IceCv    | Entered an ice cave
 42536 | IceCv    | Got the Almanac of Inhalation and the Blink Frog
 42927 | Shoals:4 | Reached skill level 18 in Air Magic
 42937 | Shoals:4 | Noticed Ilsuiw
 43670 | Shoals:3 | Reached XP level 20. HP: 132/187 MP: 32/32
 43963 | Shoals:4 | Noticed Kirke
 43966 | Shoals:4 | Killed Kirke
 44072 | Shoals:4 | Got a barnacled rune of Zot
 44708 | Shoals:4 | Killed Ilsuiw
 44934 | Shoals:4 | Identified the staff of conjuration "Bucvac" {rElec rF+
                  | Int+2}
 45241 | Vaults:1 | Entered Level 1 of the Vaults
 46432 | Vaults:2 | Reached skill level 15 in Dodging
 47468 | Vaults:2 | Learned a level 9 spell: Chain Lightning
 47573 | Vaults:3 | Found Birakk's Magic Scroll Shoppe.
 47581 | Vaults:3 | Bought a scroll of teleportation for 33 gold pieces
 47581 | Vaults:3 | Bought a scroll of fog for 44 gold pieces
 47581 | Vaults:3 | Bought a scroll of fog for 44 gold pieces
 47603 | Vaults:3 | Noticed Margery
 47614 | Vaults:3 | Killed Margery
 47729 | Vaults:3 | Found a portal to a secret trove of treasure.
 47780 | Vaults:3 | Reached skill level 19 in Air Magic
 47875 | Vaults:3 | Found a staircase to the Crypt.
 47875 | Vaults:3 | Found a basalt altar of Yredelemnul.
 47875 | Vaults:3 | Found an ancient bone altar of Kikubaaqudgha.
 48016 | Vaults:3 | Reached skill level 15 in Conjurations
 48135 | Vaults:3 | Found Ycarusux's Weapon Emporium.
 48415 | Vaults:3 | Found Yriterch's Armour Shoppe.
 48419 | Vaults:3 | Bought the +1 hat "Voitsin" {rC+ Slay+2} for 471 gold
                  | pieces
 48487 | Vaults:3 | Reached XP level 21. HP: 194/194 MP: 34/34
 48602 | Vaults:3 | Found Imujin's Jewellery Emporium.
 48669 | Vaults:3 | Found Puasuocs's Jewellery Emporium.
 48738 | Vaults:4 | Found a flickering gateway to a bazaar.
 48751 | Bazaar   | Entered a bazaar
 48751 | Bazaar   | Found Irioni's Jewellery Shoppe.
 48751 | Bazaar   | Found Zibbil's Antique Armour Shoppe.
 48751 | Bazaar   | Found Guenneo's Magic Scroll Emporium.
 48753 | Bazaar   | Found Dyffieng's Jewellery Emporium.
 48764 | Bazaar   | Bought a scroll of blinking for 75 gold pieces
 48764 | Bazaar   | Bought a scroll of enchant armour for 75 gold pieces
 48764 | Bazaar   | Bought a scroll of teleportation for 30 gold pieces
 48764 | Bazaar   | Bought a scroll of fog for 40 gold pieces
 48800 | Vaults:4 | Found a crumbling gateway.
 48830 | Desolati | Entered the Desolation of Salt
 48960 | Desolati | Identified the amulet "Koshroich" {Faith +Inv rElec Stlth+}
 49421 | Desolati | Identified the ring "Hoogish" {*Slow rN++ Int+6}
 49476 | Desolati | Got the Teachings on the Peccant Serac
 49618 | Desolati | Identified the staff of fire "Sownan Qemno" {rF+ rC+ Int+4
                  | Stlth+}
 49626 | Desolati | Got Sif Muna's Vellum of Mortuary Transformation
 50186 | Vaults:4 | Reached skill level 20 in Air Magic
 51182 | Vaults:4 | Noticed Boris
 51191 | Vaults:4 | Killed Boris
 51627 | Depths:1 | Entered Level 1 of the Depths
 51850 | Crypt:1  | Entered Level 1 of the Crypt
 52114 | Crypt:1  | Reached XP level 22. HP: 202/202 MP: 35/35
 52541 | Crypt:1  | Identified the +8 rapier of Equivalence {freeze, *Rage
                  | rC+++ Will+++ Str-3}
 52564 | Crypt:1  | Noticed Mennas
 52577 | Crypt:2  | Reached skill level 10 in Spellcasting
 52579 | Crypt:2  | Noticed Frederick
 52754 | Crypt:2  | Noticed Jory
 53230 | Crypt:2  | Mangled by a skeletal warrior

Illustrated notes

Levels and vault maps discovered:
D:1:      minmay_arrival_pointy, layout_basic, nicolae_shop_unique_rings
D:2:      layout_basic
D:3:      layout_rooms, mainiacjoe_overflow_surrounded_room, tgw_sif,
          dk_vineyard_3, uniq_grinder
D:4:      layout_basic
D:5:      nicolae_cairo_tiling_very_big, layout_loops_corners,
          minmay_temple_entry_mist, uniq_prince_ribbit1, uniq_edmund
D:6:      layout_basic, dk_noncrumbling_3, uniq_sigmund
D:7:      layout_layer_cave, serial_shops, shop
D:8:      layout_cave_pools
D:9:      layout_small_grid, nicolae_benzene_ring, uniq_joseph
D:10:     layout_cave_pools, kiku_gazebo_garden_becter, david_orc_4, uniq_sonja
D:11:     layout_rooms, hellmonk_lair_entry_icy, uniq_erolcha
D:12:     fort_yaktaur, layout_rooms
D:13:     layout_rooms, lightli_vaults_fourway_checkpoint
D:14:     layout_irregular_city, bloody_makhleb, kennysheep_donut,
          minmay_misc_feat_chi, grunt_ministairs_11, minmay_fire_ice_demons,
          uniq_jorgrun, uniq_snorg
D:15:     grunt_enter_depths_magical_seal, layout_loops_ring,
          nrook_pool_corridor, hex_medium
Temple:   nicolae_temple_bog_church
Lair:1:   layout_cave_pods, infiniplex_staircase_pool
Lair:2:   layout_regular_city, grunt_megastairs_3, lemuel_fruit_tree,
          infiniplex_staircase_pool_2
Lair:3:   statuecave_lemuel, layout_chaotic_city, elwin_shoals_entry_stream,
          nicolae_spider_entry_non_spiders, gammafunk_ghost_hydra_chop
Lair:4:   layout_cave_pods, ebering_ghost_xom, basic_altar, grunt_megastairs_2
Lair:5:   wormcave, layout_concentric_octagons,
          hangedman_lair_caniforms_friends, slime_entry_1
Shoals:1: layout_shoals
Shoals:2: layout_shoals, nicolae_shoals_dead_sea_scrolls
Shoals:3: layout_shoals, nicolae_shoals_water_booths
Shoals:4: shoals_end_simple, layout_shoals, shoal_ilsuiw,
          portal_ice_cave_entry_dragon, nicolae_shoals_shepherds, uniq_kirke
Spider:1: layout_spider_delve, drop_trap, uniq_asterion
Spider:2: layout_chambers, uniq_frances, uniq_nikola
Spider:3: layout_spider_delve, gammafunk_ghost_arena
Spider:4: johnstein_spider_rune_arachne_lair, spiders_nest_spider_trap
Orc:1:    layout_caves, guppyfry_orc_lava_fort, uniq_josephine
Orc:2:    grunt_orc_gardens, layout_caves, grunt_orc_garden, grunt_orc_garden,
          grunt_orc_garden, grunt_orc_garden, nicolae_orc_pool_cavern,
          lightli_orcish_oven
Elf:1:    eino_elf_arrival_the_gate, layout_geoelf_grid, minmay_elf_sorcery,
          nicolae_elf_deep_friendship, uniq_donald, uniq_agnes, uniq_roxanne
Elf:2:    nicolae_elf_blades_crystal_corner, layout_loops_ring, serial_shops,
          bzr_entry_road
Elf:3:    grunt_elf_hall_branching, layout_loops_cross
Vaults:1: grunt_vaults_twisty, v_alt_pattern_6, vaults_room_grid, v_misc_9,
          ontoclasm_vaults_twist, nicolae_vaults_variable_pillar_hall,
          nicolae_vaults_border_crossing, ontoclasm_vaults_chip,
          nicolae_vaults_diagonal_hallway_7,
          nicolae_vaults_trapezoid_lopsided_4, layout_vaults_omnibox
Vaults:2: hangedman_vaults_trim, v_alt_pattern_5,
          nicolae_vaults_trapezoid_lopsided_2, ontoclasm_vaults_ligature,
          nicolae_vaults_tetromino_L_1, nicolae_vaults_closet_pinwheel_4,
          layout_vaults_omnigrid
Vaults:3: grunt_vaults_trifunnel, nicolae_vaults_mitosis,
          nicolae_vaults_closet_pinwheel_6, minmay_crypt_entry_necro_gods,
          vaults_mumra_chevron_long, vaults_dpeg_encased_lava,
          nicolae_vaults_stepped_doors, nicolae_vaults_variable_pillar_hall,
          nicolae_vaults_offset_grid_hallway_3, nicolae_vaults_tetromino_L_1,
          layout_vaults_ring, serial_shops, shop, shop_statue,
          nicolae_shop_bloodbath_and_beyond, shop, shop_fountains,
          enter_trove_1, uniq_margery
Vaults:4: portal_desolation_entry_nicolae_nacl, st_star,
          nicolae_vaults_network_periphery, nicolae_vaults_octothorpe,
          nicolae_vaults_arrows, ontoclasm_vaults_claustrophobia,
          ontoclasm_vaults_misaligned, ontoclasm_vaults_decontamination,
          hangedman_vaults_stretched_pinwheel, vaults_room_fancy_cross,
          nicolae_vaults_little_squares_4, ontoclasm_vaults_gateway,
          nicolae_vaults_tetromino_T_1, v_misc_22, nicolae_vaults_asterisk,
          layout_vaults_maze, serial_shops, bzr_entry_dummy, uniq_boris
Crypt:1:  layout_rooms, st_vampire_maze, uniq_mennas
Crypt:2:  layout_chaotic_city, gammafunk_ghost_necromancy,
          nicolae_danse_macabre, uniq_jory, uniq_frederick
Depths:1: nzn_winding_woodlands_cross [nzn_winding_woodlands_5x15_garden,
          nzn_winding_woodlands_5x15_zeroes, nzn_winding_woodlands_5x15_jagged,
          nzn_winding_woodlands_5x15_concentric,
          nzn_winding_woodlands_15x15_five_gardens], layout_gridlike,
          enter_ziggurat_e, serial_bayou_pond_e, gammafunk_ghost_crypt,
          hell_entry, drop_trap, nzn_wu_jian_contemplation

Skill      XL: |  1  2  3  4  5  6  7  8  9 10 11 12 13 14 15 16 17 18 19 20 21 22 |
---------------+-------------------------------------------------------------------+-----
Fighting       | 1 2 3 4 5 6 8 9 11 12 14 15 16 17 18 | 18.1
Fire Magic     | 1 2 3 4 5 7 8 10 11 12 | 12.5
Conjurations   | 2 3 4 6 7 8 10 11 12 13 15 17 18 | 18.3
Spellcasting   | 3 4 5 7 8 9 10 | 10.4
Air Magic      | 1 4 8 11 14 16 18 19 20 | 20.0
Stealth        | 5 6 |  6.0
Maces & Flails | 3 5 |  5.1
Hexes          | 2 3 |  3.5
Translocations | 4 |  4.0
Dodging        | 3 7 9 10 11 13 14 15 16 | 16.0
Poison Magic   | 5 |  5.0
Transmutations | 5 |  5.0
Shields        | 4 5 |  5.0
Evocations     | 5 |  5.0
Staves         | 4 |  4.5
Short Blades   | |  0.9

Action                     |  1- 3 |  4- 6 |  7- 9 | 10-12 | 13-15 | 16-18 | 19-21 | 22-24 || total
---------------------------+-------+-------+-------+-------+-------+-------+-------+-------++-------
  Melee: Club              |    35 |       |       |       |       |       |       |       ||    35
         Tailslap          |     6 |     8 |    56 |    50 |    32 |    18 |    44 |       ||   214
         Punch             |     1 |       |     6 |       |       |       |       |       ||     7
         Dagger            |    33 |    81 |   343 |    65 |       |       |       |       ||   522
         Whip              |       |       |       |   206 |   132 |    25 |       |       ||   363
         Bite              |       |       |       |       |    15 |    19 |    23 |       ||    57
         Demon whip        |       |       |       |       |       |    77 |       |       ||    77
         Staff             |       |       |       |       |       |     2 |   138 |       ||   140
   Cast: Foxfire           |    50 |    78 |    68 |    37 |       |       |       |       ||   233
         Sting             |     4 |     7 |       |       |       |       |       |       ||    11
         Scorch            |       |       |    40 |   122 |    62 |    10 |       |       ||   234
         Mephitic Cloud    |       |       |    12 |     5 |       |       |       |       ||    17
         Inner Flame       |       |       |       |    89 |   249 |     4 |       |       ||   342
         Iskenderun's Myst |       |       |       |     5 |   116 |    23 |    10 |     2 ||   156
         Olgreb's Toxic Ra |       |       |       |       |   147 |    14 |       |       ||   161
         Irradiate         |       |       |       |       |    18 |    42 |    28 |     2 ||    90
         Plasma Beam       |       |       |       |       |    96 |   458 |   516 |    56 ||  1126
         Arcjolt           |       |       |       |       |       |    22 |    39 |     1 ||    62
         Maxwell's Capacit |       |       |       |       |       |       |     1 |       ||     1
Ability: Breathe Acid      |       |       |    20 |    12 |    17 |     4 |     4 |       ||    57
  Evoke: Wand              |       |       |       |     2 |       |       |       |       ||     2
    Use: Scroll            |       |     6 |     7 |     7 |    14 |    16 |    26 |     2 ||    78
         Potion            |       |       |       |     2 |     1 |    13 |    13 |     1 ||    30
   Stab: Sleeping          |       |     1 |     2 |       |       |     2 |       |       ||     5
         Confused          |       |       |     5 |    11 |       |       |       |       ||    16
         Distracted        |       |       |       |       |       |       |     1 |       ||     1
 Armour: Skin              |    32 |    39 |   170 |   165 |   158 |   158 |   119 |    17 ||   858
  Dodge: Dodged            |    57 |    54 |   187 |   172 |   231 |   335 |   226 |    28 ||  1290
  Block: Buckler           |       |       |       |       |       |    66 |   127 |    14 ||   207

Table legend: (Time is in decaauts)
 A = Elapsed time spent in this place.
 B = Non-inter-level travel time spent in this place.
 C = Inter-level travel time spent in this place.
 D = Time resting spent in this place.
 E = Time spent auto-exploring this place.
 F = Levels seen in this place.
 G = Mean time per level.
                   A        B        C        D        E       F      G
               +--------+--------+--------+--------+--------+-----+--------+
         Total |  53632 |  49533 |   4099 |   5298 |  36442 |  46 | 1165.9 |
       Dungeon |  17235 |  15475 |   1760 |   1101 |  11795 |  15 | 1149.0 |
        Temple |     31 |     27 |      4 |      0 |     23 |   1 |   31.0 |
          Lair |   9879 |   9000 |    879 |   1287 |   6447 |   5 | 1975.8 |
        Shoals |   5478 |   5189 |    289 |   1336 |   3217 |   4 | 1369.5 |
   Spider Nest |   5821 |   5633 |    188 |   1021 |   3805 |   4 | 1455.2 |
  Orcish Mines |   2207 |   1977 |    230 |    259 |   1350 |   2 | 1103.5 |
   Elven Halls |   3718 |   3442 |    276 |      0 |   2923 |   3 | 1239.3 |
        Vaults |   5403 |   5004 |    399 |    223 |   4161 |   4 | 1350.8 |
         Crypt |   1382 |   1313 |     69 |     71 |   1037 |   2 |  691.0 |
        Depths |      6 |      5 |      1 |      0 |      0 |   1 |    6.0 |
         Abyss |    427 |    427 |      0 |      0 |    271 |   1 |  427.0 |
        Bazaar |    249 |    249 |      0 |      0 |    145 |   2 |  124.5 |
      Ice Cave |    808 |    808 |      0 |      0 |    648 |   1 |  808.0 |
    Desolation |    981 |    981 |      0 |      0 |    616 |   1 |  981.0 |
               +--------+--------+--------+--------+--------+-----+--------+

Top non-repeatable levels by time:
  Lair:3: 2722 daAuts
Shoals:3: 2339 daAuts
  Lair:4: 2321 daAuts
  Lair:5: 2000 daAuts
Spider:2: 1930 daAuts
    D:12: 1828 daAuts
Spider:4: 1780 daAuts
   Elf:1: 1529 daAuts
    D:11: 1524 daAuts
Vaults:4: 1505 daAuts
Vaults:3: 1498 daAuts
     D:9: 1474 daAuts
  Lair:1: 1451 daAuts
Spider:3: 1444 daAuts
     D:7: 1428 daAuts
